 Dungeon Crawl Stone Soup version 0.22-a0-398-g8bb545f (webtiles) character file.

32 DrEnzyme the Firebug (level 3, 0/45 HPs)
             Began as a Human Wanderer on May 4, 2018.
             Succumbed to an adder's poison
             ... on level 3 of the Dungeon.
             The game lasted 00:08:36 (2667 turns).

DrEnzyme the Firebug (Human Wanderer)               Turns: 2667, Time: 00:08:37

Health: 0/45       AC: 21    Str: 10    XL:     3   Next: 45%
Magic:  4/4        EV:  2    Int: 12    God:
Gold:   74         SH:  0    Dex: 15    Spells: 3/4 levels left

rFire    . . .     SeeInvis .   a - +0 hand axe
rCold    . . .     Gourm    .   (no shield)
rNeg     + + +     Faith    .   (armour currently unavailable)
rPois    +         Spirit   .   (helmet currently unavailable)
rElec    .         Reflect  .   (cloak currently unavailable)
rCorr    .         Harm     .   (gloves currently unavailable)
MR       .....     NoTele   +   (boots currently unavailable)
Stlth    ++........             (no amulet)
HPRegen  0.15/turn              (no ring)
MPRegen  0.09/turn              (no ring)

@: lethally poisoned (0 -> -8), tree-form
A: no striking features
a: no special abilities


You were on level 3 of the Dungeon.
You were not hungry.
You were a tree.
You visited 1 branch of the dungeon, and saw 3 of its levels.

You collected 74 gold pieces.

Inventory:

Hand Weapons
 a - a +0 hand axe (weapon)
 b - a +2 blowgun
Missiles
 r - 53 stones (quivered)
Armour
 c - a +0 pair of boots (melded)
 e - a +0 robe (melded)
 o - a +0 ring mail
Scrolls
 g - a scroll of remove curse {unknown}
 j - a scroll of identify
 k - a scroll of teleportation {unknown}
 l - a scroll of enchant weapon {unknown}
 m - a scroll of blinking {unknown}
 q - a scroll of fear {unknown}
Potions
 d - a potion of curing
 h - a potion of cancellation {unknown}
 i - a potion of haste
 p - a potion of degeneration {unknown}
Comestibles
 f - 3 rations


   Skills:
 + Level 3.7 Fighting
 + Level 0.4 Axes
 + Level 1.4 Throwing
 + Level 0.2 Dodging
 + Level 1.2 Stealth
 + Level 1.1 Spellcasting
 + Level 0.2 Hexes
   Level 4.0 Fire Magic


You had 3 spell levels left.
You knew the following spells:

 Your Spells              Type           Power        Failure   Level  Hunger
a - Confusing Touch       Hex            #.....       26%         1    ##.....


Dungeon Overview and Level Annotations

Branches:
Dungeon (3/15)

Altars:
Ashenzari

Annotations:
D:2 exclusion: adder
D:3 Terence


Message History

You feel sick. The adder bites you.
* * * LOW HITPOINT WARNING * * *
You closely miss the adder.
The adder is almost dead.
* * * LOW HITPOINT WARNING * * *
You feel sick. The adder misses you. The adder barely misses you.
You slash the adder!
You kill the adder!
* * * LOW HITPOINT WARNING * * *
You feel sick.
* * * LOW HITPOINT WARNING * * *
You feel sick.
* * * LOW HITPOINT WARNING * * *
You feel sick.
* * * LOW HITPOINT WARNING * * *
You feel sick.
It was a potion of lignification.
You turn into a tree.
Your +0 pair of boots melds into your body.
Your +0 robe melds into your body.
Your roots penetrate the ground.
You die...

#.# #.### #...
#..# #..# #..#
########..#
....!.....#####
#.......♣.....#
...####.#.###.#
. ...#.# #.#
###.#.# #.#
#.#.# #.# #.#.#
#.# ..#<# #.# #
###.# #.#
###.###.###.#


There were no monsters in sight!

Vanquished Creatures
  An adder (D:3)
  A worm (D:1)
  A dart slug (D:2)
  3 bats (D:2)
  3 hobgoblins
  A kobold (D:2)
  A quokka (D:2)
  4 frilled lizards
  7 rats
22 creatures vanquished.

Vanquished Creatures (others)
  4 toadstools (D:1)
4 creatures vanquished.

Grand Total: 26 creatures vanquished

Notes
Turn   | Place    | Note
-------+----------+-------------------------------------------
     0 | D:1      | DrEnzyme the Human Wanderer began the quest for the Orb.
     0 | D:1      | DrEnzyme set off with: 3 curare-tipped needles, a +2 blowgun, a potion of curing, a +0 robe, a ration
     0 | D:1      | Reached XP level 1. HP: 18/18 MP: 2/2
     2 | D:1      | Learned a level 1 spell: Confusing Touch
   372 | D:1      | Reached XP level 2. HP: 24/24 MP: 3/3
   630 | D:2      | Found a shattered altar of Ashenzari.
   860 | D:2      | You fall through a shaft!
   870 | D:3      | Noticed Terence
  1434 | D:2      | Reached XP level 3. HP: 14/30 MP: 4/4
  2666 | D:3      | HP: 1/30 [poisoned by an adder]
  2667 | D:3      | Succumbed to an adder's poison

Vault maps used:
D:1:      ldierk_walled_garden_2, amethyst_killhole
D:2:      nicolae_ashenzari_panopticon
D:3:      chequers_temple_overflow_statue_of_worship, first_ration,
          chequers_ecumenical_altar_simple_redux, uniq_terence

Action                   || total
-------------------------++-------
Melee: Hand axe          ||    67
       Unarmed           ||     2
 Fire: Blowgun           ||    15
Throw: Stone             ||    19
 Cast: Confusing Touch   ||     8
  Use: Scroll            ||     1
       Potion            ||     1
 Stab: Sleeping          ||     2
       Confused          ||     1
  Eat: Chunk             ||     2
       Ration            ||     1
Armor: Robe              ||    21
Dodge: Dodged            ||    45

Table legend:
 A = Spawn XP
 B = Non-spawn XP
 C = Spawn XP percentage of total XP
 D = Spawn monster count
 E = Non-spawn monster count
 F = Spawn count percentage of total count
 G = Total turns spent on level
                    A         B        C        D         E        F      G
               +---------+---------+-------+---------+---------+-------+---------
         Total |       0 |      47 |   0.0 |       0 |      22 |   0.0 |  2667
               +---------+---------+-------+---------+---------+-------+---------
           D:1 |       0 |      16 |   0.0 |       0 |      10 |   0.0 |  1289
           D:2 |       0 |      17 |   0.0 |       0 |      10 |   0.0 |  1302
           D:3 |       0 |      14 |   0.0 |       0 |       2 |   0.0 |    76
               +---------+---------+-------+---------+---------+-------+---------
